 Dungeon Crawl Stone Soup version 0.24-a0-249-g2af7e837d0 (webtiles) character file.

Game seed: 949878723084908217

2158 Redear the Warrior (level 9, -2/69 HPs)
             Began as a Demonspawn Fighter on Apr 13, 2019.
             Was a Believer of Okawaru.
             Killed by divine providence
             ... invoked by an orc priest
              (13 damage)
             ... on level 7 of the Dungeon.
             The game lasted 00:21:39 (7337 turns).

Redear the Warrior (Demonspawn Fighter)             Turns: 7337, Time: 00:21:40

Health: -2/69      AC:  8    Str: 16    XL:     9   Next: 10%
Magic:  14/14      EV: 15    Int: 11    God:    Okawaru [**....]
Gold:   401        SH:  0    Dex: 15    Spells: 8/8 levels left

rFire    . . .     SeeInvis .   a - +0 long sword
rCold    . . .     Gourm    .   (no shield)
rNeg     . . .     Faith    .   b - +0 scale mail
rPois    +         Spirit   .   (no helmet)
rElec    .         Reflect  .   (no cloak)
rCorr    +         Harm     .   (no gloves)
MR       .....                  (no boots)
Stlth    +++.......             (no amulet)
HPRegen  0.21/turn              g - ring of resist corrosion
MPRegen  0.14/turn              o - ring of poison resistance {rPois}

@: heroism
A: talons 1, thin skeletal structure 1, camouflage 1, demonic guardian 2,
powered by pain 2, weak 1
a: Heroism, Renounce Religion


You were on level 7 of the Dungeon.
You worshipped Okawaru.
Okawaru was pleased with you.
You were not hungry.

You visited 2 branches of the dungeon, and saw 8 of its levels.

You collected 401 gold pieces.

Inventory:

Hand Weapons
 a - a +0 long sword (weapon)
 t - a +2 hunting sling of freezing
Armour
 b - a +0 scale mail (worn)
 c - a +0 shield
 m - a +0 large shield
 q - a +0 pair of gloves
Magical Staves
 h - an uncursed staff of power {MP+15}
 p - an uncursed staff of energy {channel}
Jewellery
 g - a ring of resist corrosion (left hand)
 o - a ring of poison resistance (right hand) {rPois}
 w - a cursed ring of teleportation {unknown}
Wands
 u - a wand of disintegration (7)
Scrolls
 d - 2 scrolls of enchant armour
 e - a scroll of fear
 i - 2 scrolls of noise
 j - a scroll of vulnerability
 k - a scroll of fog
 r - a scroll of enchant weapon
 x - 4 scrolls of amnesia
 N - 3 scrolls of remove curse {@r2}
 R - 3 scrolls of identify {@r1}
 T - 5 scrolls of teleportation
Potions
 f - a potion of resistance {rF+ rC+ rPois rElec rCorr}
 l - 2 potions of flight
 n - 2 potions of haste {unknown}
 s - 2 potions of agility {Stlth+ Dex+5 EV+5 | @q4}
 v - a potion of might {Str+5 DMG+1d10 | @q3}
Comestibles
 z - 15 rations


   Skills:
 - Level 6.1(11.1) Fighting
 - Level 5.1(10.1) Long Blades
 - Level 2.6(7.6) Armour
 - Level 4.6(9.6) Dodging
 - Level 5.5(10.5) Shields
 + Level 7.3 Invocations


You had 8 spell levels left.
You didn't know any spells.
Your spell library contained the following spells:

 Spells                   Type           Power        Failure   Level  Hunger
 Corpse Rot               Necr           N/A          86%         2    ###....
 Stone Arrow              Conj/Erth      #.....       97%         3    ####...
 Leda's Liquefaction      Hex/Erth       #.........   100%        4    #####..
 Summon Forest            Summ/Tloc      #.........   100%        5    ######.
 Hydra Form               Tmut           #.........   100%        6    #######
 Summon Hydra             Summ           #.........   100%        7    #######


Dungeon Overview and Level Annotations

Branches:
Dungeon (7/15)             Temple (1/1) D:4

Altars:
Cheibriados
Elyvilon
Fedhas
Kikubaaqudgha
Makhleb
Okawaru
Qazlal
Ru
Sif Muna
Trog
Uskayaw
Vehumet
Wu Jian
Xom
Zin

Shops:
D:5 %

Annotations:
D:4 3 runed translucent doors, whodunnit's ghost, amateur MiMo; yrara's ghost, amateur DsFi


Innate Abilities, Weirdness & Mutations

You have sharp toenails.
You have a somewhat thin skeletal structure. (Dex +2, Stealth)
A demonic guardian rushes to your aid.
You sometimes gain power by taking damage.
Your skin changes colour to match your surroundings (Stealth+).
You are weak. (Str -2)


Message History

The orc priest is severely wounded.
The orc priest completely misses you.
You riposte.
You closely miss the orc priest. Your kick misses the orc priest.
The orc priest is severely wounded.
You barely miss the orc priest. You claw the orc priest.
The orc priest is severely wounded.
The orc priest barely misses you.
You hit the orc priest but do no damage.
The orc priest is severely wounded.
The orc priest calls down the wrath of Beogh upon you.
Beogh smites you!
* * * LOW HITPOINT WARNING * * *
You take 11 damage, and have 11/69 hp.
Okay, then.
Unknown command.
You closely miss the orc priest.
The orc priest is severely wounded.
The orc priest calls down the wrath of Beogh upon you.
Beogh smites you!
You die...

#.#.......#.# #.#.......#.#
.# #.#.......#.###### #.#
.................. ....o.
#.).......#.###### #o#.o###
#####.....#.# #.#.... #
#####.#.# #.#...#
#########.#.########.#o..#
...............)@o...#...#
#########.########...#...#
#########.#..............# .
##......................#..$.
###.#####÷#..................
.⌠#.#.....#.######..###.#....
..'.....#.#.# ##.## .# ...
[⌠#...#.#.#.# #..# .# ##
###...#.#.#'## ##+# #


You could see an orc priest.

Vanquished Creatures
  A gargoyle (D:5)
  Sigmund (D:2)
  A sky beast (D:5)
  A necrophage (D:6)
  An ogre (D:6)
  4 bullfrogs
  Blork the orc (D:4)
  A scorpion (D:5)
  A bullfrog zombie (D:5)
  3 crimson imps
  A centaur zombie (D:5)
  A bullfrog skeleton (D:5)
  A hound (D:5)
  4 orc priests
  An iguana (D:4)
  9 orc wizards
  4 worker ants
  4 gnolls (D:7)
  10 adders
  An ooze (D:4)
  An adder skeleton (D:4)
  2 worms (D:2)
  4 dart slugs
  4 leopard geckos
  16 orcs
  3 bats
  5 giant cockroaches
  11 goblins
  5 hobgoblins
  13 jackals
  2 quokkas
  2 ball pythons
  6 frilled lizards
  5 kobolds
  A quokka skeleton (D:4)
  9 rats
140 creatures vanquished.

Vanquished Creatures (collateral kills)
  2 phantoms (D:5)
  An ogre (D:4)
  A crimson imp (D:5)
  An iguana (D:5)
  A worker ant (D:5)
  An adder (D:4)
  2 orcs (D:4)
  4 jackals (D:4)
13 creatures vanquished.

Vanquished Creatures (others)
  3 withered plants (D:4)
3 creatures vanquished.

Grand Total: 156 creatures vanquished

Notes
Turn   | Place    | Note
-------+----------+-------------------------------------------
     0 | D:1      | Redear the Demonspawn Fighter began the quest for the Orb.
     0 | D:1      | Reached XP level 1. HP: 18/18 MP: 1/1
   169 | D:1      | Reached skill level 2 in Long Blades
   177 | D:1      | Gained mutation: You have a somewhat thin skeletal
                  | structure. (Dex +2, Stealth) [demonic ancestry]
   177 | D:1      | Reached XP level 2. HP: 23/24 MP: 2/2
   703 | D:2      | Noticed Sigmund
   708 | D:2      | Reached skill level 3 in Shields
   715 | D:2      | Reached skill level 1 in Dodging
   715 | D:2      | Gained mutation: You sometimes gain a little power by
                  | taking damage. [demonic ancestry]
   715 | D:2      | Reached XP level 3. HP: 23/29 MP: 3/3
  1387 | D:2      | Killed Sigmund
  1387 | D:2      | Reached skill level 4 in Fighting
  1387 | D:2      | Reached skill level 3 in Long Blades
  1387 | D:2      | Reached skill level 2 in Dodging
  1387 | D:2      | Gained mutation: You have sharp toenails. [demonic
                  | ancestry]
  1387 | D:2      | Reached XP level 4. HP: 12/37 MP: 4/4
  1387 | D:2      | Reached XP level 5. HP: 14/42 MP: 5/5
  2723 | D:3      | Gained mutation: A weak demonic guardian rushes to your
                  | aid. [demonic ancestry]
  2723 | D:3      | Reached XP level 6. HP: 33/48 MP: 6/6
  3059 | D:3      | Found a stormy altar of Qazlal.
  3287 | D:3      | Found a white marble altar of Elyvilon.
  3357 | D:4      | Found a staircase to the Ecumenical Temple.
  3357 | D:4      | Found a runed translucent gate.
  3357 | D:4      | Found a runed translucent gate.
  3358 | D:4      | Found a runed translucent gate.
  3372 | Temple   | Entered the Ecumenical Temple
  3456 | Temple   | Became a worshipper of Warmaster Okawaru
  3480 | D:4      | Noticed whodunnit's ghost (amateur MiMo)
  3481 | D:4      | Noticed yrara's ghost (amateur DsFi)
  3497 | D:4      | Reached skill level 4 in Shields
  4004 | D:4      | Reached skill level 3 in Dodging
  4074 | D:4      | Gained mutation: A demonic guardian rushes to your aid.
                  | [demonic ancestry]
  4074 | D:4      | Reached XP level 7. HP: 50/55 MP: 7/7
  4471 | D:4      | Noticed Blork the orc
  4478 | D:4      | Killed Blork the orc
  4478 | D:4      | Reached * piety under Okawaru
  4493 | D:4      | Gained mutation: You are weak. (Str -2) [potion of
                  | mutation]
  4493 | D:4      | Gained mutation: Your skin changes colour to match your
                  | surroundings (Stealth+). [potion of mutation]
  4522 | D:4      | HP: 7/82 [orc priest/divine providence (15)]
  4525 | D:4      | Reached skill level 5 in Fighting
  4525 | D:4      | Reached skill level 4 in Long Blades
  4975 | D:4      | Found a blossoming altar of Fedhas.
  5031 | D:5      | Entered Level 5 of the Dungeon
  5391 | D:5      | Reached skill level 4 in Dodging
  5391 | D:5      | Reached skill level 5 in Shields
  5391 | D:5      | Gained mutation: You sometimes gain power by taking damage.
                  | [demonic ancestry]
  5391 | D:5      | Reached XP level 8. HP: 31/63 MP: 8/8
  5650 | D:5      | Reached ** piety under Okawaru
  5706 | D:5      | Found Ummewev's Food Shop.
  5706 | D:5      | Noticed a gargoyle
  5737 | D:5      | Killed a gargoyle
  5737 | D:5      | Reached skill level 6 in Fighting
  5737 | D:5      | Reached skill level 5 in Long Blades
  6121 | D:5      | Found an iron altar of Okawaru.
  6181 | D:5      | Reached skill level 1 in Invocations
  6352 | D:5      | Reached skill level 2 in Invocations
  6397 | D:6      | Reached skill level 3 in Invocations
  6608 | D:6      | Reached skill level 4 in Invocations
  6720 | D:6      | Reached skill level 5 in Invocations
  6907 | D:6      | Reached skill level 6 in Invocations
  6907 | D:6      | Reached XP level 9. HP: 67/69 MP: 13/13
  7151 | D:7      | Reached skill level 7 in Invocations
  7167 | D:7      | Found an ancient bone altar of Kikubaaqudgha.
  7168 | D:7      | Found a deep blue altar of Sif Muna.
  7337 | D:7      | Killed from afar by an orc priest

Levels and vault maps discovered:
D:1:      wander_arrival_peaceful_grave, layout_loops_ring, minmay_hexomino_c4
D:2:      layout_basic, uniq_sigmund
D:3:      layout_loops_ring, nicolae_overflow_hidden_temple
D:4:      layout_rooms, kennysheep_little_box, minmay_temple_entry_offerings,
          gammafunk_ghost_cemetery, uniq_blork_the_orc
D:5:      layout_gridville, serial_shops, shop, first_ration,
          okawaru_ov_weapons_minmay
D:6:      layout_loops_ring
D:7:      layout_basic, grunt_temple_overflow_opulence, old_standard_altar,
          gammafunk_temple_overflow_statue
Temple:   eino_temple_lava

Skill      XL: |  1  2  3  4  5  6  7  8  9 |
---------------+----------------------------+-----
Long Blades    | 2 3 4 5 |  5.1
Shields        | 3 4 5 |  5.5
Dodging        | 1 2 3 4 |  4.6
Fighting       | 4 5 6 |  6.1
Invocations    | 6 7 |  7.3
Armour         | |  2.6

Action                   |  1- 3 |  4- 6 |  7- 9 || total
-------------------------+-------+-------+-------++-------
Melee: Long sword        |    73 |   157 |   253 ||   483
       Kick              |       |    31 |    91 ||   122
       Dagger            |       |       |    14 ||    14
Invok: Heroism           |       |       |     3 ||     3
  Use: Potion            |     4 |     3 |     3 ||    10
       Scroll            |       |       |    12 ||    12
 Stab: Sleeping          |       |       |     2 ||     2
  Eat: Chunk             |       |     7 |    11 ||    18
       Ration            |       |     1 |       ||     1
Armor: Scale mail        |    42 |    80 |    90 ||   212
Dodge: Dodged            |    53 |    94 |   131 ||   278
Block: Shield            |     1 |       |       ||     1
       Rpst.: Long sword |    19 |    23 |    42 ||    84

Table legend:
 A = Non-vault XP
 B = Vault XP
 C = Vault XP percentage of total XP
 D = Non-vault monster count
 E = Vault monster count
 F = Vault count percentage of total count
                 A         B        C        D         E       F
            +---------+---------+-------+---------+---------+-------
      Total |    2762 |     322 |  10.4 |     144 |       9 |   5.9
            +---------+---------+-------+---------+---------+-------
        D:1 |      22 |      12 |  35.3 |      14 |       7 |  33.3
        D:2 |      71 |     220 |  75.6 |      23 |       1 |   4.2
        D:3 |      86 |       0 |   0.0 |      22 |       0 |   0.0
        D:4 |     602 |      90 |  13.0 |      36 |       1 |   2.7
        D:5 |    1102 |       0 |   0.0 |      30 |       0 |   0.0
        D:6 |     611 |       0 |   0.0 |       8 |       0 |   0.0
        D:7 |     268 |       0 |   0.0 |      11 |       0 |   0.0
            +---------+---------+-------+---------+---------+-------
